 Dungeon Crawl Stone Soup version 0.32-a0-765-gfba4d74c8c (webtiles) character file.

Game seed: 7393662258436435338

646 IndexError the Ruffian (level 7, -2/68 HPs)
             Began as a Troll Fighter on Mar 18, 2024.
             Succumbed to a kobold brigand's poison
             ... in a sewer.
             The game lasted 00:05:34 (2885 turns).

IndexError the Ruffian (Troll Fighter)              Turns: 2885, Time: 00:05:34

Health: -2/68      AC:  8    Str: 25    XL:     7   Next: 27%
Magic:  6/6        EV:  9    Int:  4    God:
Gold:   124        SH:  9    Dex: 17    Spells: 6/6 levels left

rFire   . .          .
                       - Unarmed
rCold   . . .        b - +0 kite shield
rNeg    . . .        a - +0 robe
rPois   .            (helmet currently unavailable)
rElec   .            (cloak currently unavailable)
rCorr   .            (gloves unavailable)
SInv    .            (boots unavailable)
Will    .....        (no amulet)
Stlth   ++           y - +4 ring of protection
HPRegen 1.11/turn    d - +6 ring of dexterity
MPRegen 0.10/turn

%: no passive effects
@: lethally poisoned (-2 -> -15), beast-form, slowed, very slow
A: beast (slay +0), large, unfitting armour, claws 3, regeneration 1, shaggy fur
1, tough skin 1
a: Begin Untransformation


You were in a sewer.
You were a hulking beast.
You visited 1 branch of the dungeon, and saw 4 of its levels.
You also visited: Sewer.

You collected 124 gold pieces.

Inventory:

Missiles
 h - a curare-tipped dart
 o - 20 stones (quivered)
 B - 6 boomerangs
 D - 9 poisoned darts
Armour
 a - a +0 robe (worn)
 b - a +0 kite shield (worn)
Jewellery
 d - a +6 ring of dexterity (right claw)
   (You found it on level 4 of the Dungeon)
 e - a ring of ice {rC+, rF-}
   (You found it on level 4 of the Dungeon)
 y - a +4 ring of protection (left claw)
   (You found it on level 3 of the Dungeon)
Talismans
 q - a beast talisman (active)
   (You found it on level 2 of the Dungeon)
Scrolls
 f - a scroll of teleportation {unknown}
 g - 3 scrolls of fear {unknown}
 i - 2 scrolls of identify {unknown}
 m - a scroll of vulnerability {unknown}
 n - a scroll of silence {unknown}
 w - a scroll of torment {unknown}
 x - 3 scrolls of enchant armour {unknown}
 A - 2 scrolls of noise {unknown}
 C - a scroll of brand weapon {unknown}
Potions
 c - 2 potions of might
 j - a potion of haste {unknown}
 k - a potion of experience {unknown}
 s - 3 potions of mutation {unknown}
 t - a potion of brilliance {unknown}
 u - a potion of berserk rage {unknown}
 v - a potion of curing {unknown}
 z - a potion of attraction {unknown}


   Skills:
 + Level 3.8 Fighting
 + Level 3.8 Dodging
 + Level 4.2 Shields
 * Level 5.3 Unarmed Combat


You had 6 spell levels left.
You didn't know any spells.
Your spell library contained the following spells:

 Spells                   Type           Power      Damage    Failure   Level
 Necrotise                Necr           0%         1d4       75%         1
 Slow                     Hex            0%         N/A       75%         1
 Lesser Beckoning         Tloc           0%         N/A       87%         2
 Confusing Touch          Hex            0%         N/A       98%         3
 Gell's Gravitas          Tloc           0%         N/A       98%         3
 Summon Ice Beast         Ice/Summ       0%         N/A       98%         3
 Teleport Other           Tloc           0%         N/A       98%         3
 Vampiric Draining        Necr           0%         2d6       98%         3
 Martyr's Knell           Necr/Summ      0%         N/A       100%        4
 Curse of Agony           Necr           0%         N/A       100%        5
 Summon Mana Viper        Hex/Summ       0%         N/A       100%        5
 Monstrous Menagerie      Summ           0%         N/A       100%        7


Dungeon Overview and Level Annotations

Branches:
Dungeon (4/15)              Sewer (1/1)
 Temple: D:4-7

Altars:
Sif Muna
Vehumet
Yredelemnul
Zin

Shops:
D:1 *


Innate Abilities, Weirdness & Mutations

You are a hulking beast.
Your limbs bulge with bestial killing power. (Slay +0)
You are too large for most types of armour.
You have claws for hands.
Your natural rate of healing is unusually fast.
You are covered in fur. (AC +1)
You have tough skin. (AC +1)


Message History

You closely miss the kobold. The kobold misses you.
The kobold hits you but does no damage.
You miss the kobold.
The kobold hits you but does no damage. x2
You claw the kobold! The kobold hits you but does no damage.
You claw the kobold!
No target in view!
No target in view!
No target in view!
No target in view!
k - a purple potion
There is a gate leading back out of this place here.
c - 2 potions of might (gained 1)
There is a gate leading back out of this place here.
There is a large open door here.
You enter the shallow water.
A bat comes into view.
A bat is nearby!
You miss the bat. The bat hits you but does no damage. x2
You block the bat's attack.
You scratch the bat. You block the bat's attack. The bat hits you.
You take 1 damage, and have 67/68 hp.
You scratch the bat.
Health restored: 68 No target in view!
No target in view!
No target in view!
No target in view!
You open the large door. 3 kobold brigands and a kobold come into view.
A kobold brigand is wielding a +1 short sword of venom and quivering curare-tipped darts.
A kobold brigand is wielding a +0 short sword and quivering poisoned darts.
A kobold brigand is wielding a +0 whip and quivering poisoned darts.
The kobold shouts!
The kobold brigand shouts! x2
The kobold brigand throws a curare-tipped dart.
The curare-tipped dart hits you.
You are poisoned.
You have difficulty breathing.
You feel yourself slow down.
The kobold brigand shouts!
Found a murky silvery potion and 2 murky blue potions.
Found a gate leading back out of this place.
You take 12 damage, and have 56/68 hp.
There are monsters nearby!
You claw the kobold brigand!
You feel sick. You block the kobold brigand's attack.
You scratch the kobold brigand.
You feel sick. You block the kobold brigand's attack.
The kobold brigand closely misses you.
You scratch the kobold brigand.
You feel sick.
You are no longer poisoned.
The kobold brigand hits you with a +0 short sword.
The kobold brigand hits you with a +0 whip.
The kobold brigand closely misses you.
The kobold brigand hits you with a +1 short sword of venom.
You are poisoned.
You take 10 damage, and have 46/68 hp.
You scratch the kobold brigand.
You feel very sick.
The kobold brigand hits you but does no damage.
You are more poisoned.
The kobold hits you but does no damage. The kobold brigand closely misses you.
The kobold brigand hits you with a +0 short sword.
You take 5 damage, and have 41/68 hp.
You closely miss the kobold brigand.
You feel very sick.
The kobold brigand hits you with a +1 short sword of venom!
You are more poisoned.
You block the kobold's attack.
The kobold brigand hits you with a +0 whip.
The kobold brigand barely misses you.
The kobold brigand hits you with a +0 whip.
You block the kobold brigand's attack.
The kobold brigand hits you with a +1 short sword of venom.
You block the kobold's attack.
You take 19 damage, and have 22/68 hp.
MASSIVE DAMAGE!!
You are too injured to fight recklessly!
You are too injured to fight recklessly!
You are too injured to fight recklessly!
You are too injured to fight recklessly!
You are too injured to fight recklessly!
You are too injured to fight recklessly!
You are too injured to fight recklessly!
You claw the kobold brigand!
You feel extremely sick. You block the kobold brigand's attack.
The kobold hits you with a +0 short sword.
* * * LOW HITPOINT WARNING * * *
The kobold brigand hits you with a +0 whip.
* * * LOW HITPOINT WARNING * * *
You take 12 damage, and have 10/68 hp.
You scratch the kobold brigand.
* * * LOW HITPOINT WARNING * * *
You feel very sick. You block the kobold brigand's attack.
You block the kobold's attack.
The kobold brigand hits you with a +0 whip.
* * * LOW HITPOINT WARNING * * *
You block the kobold brigand's attack.
The kobold brigand hits you with a +1 short sword of venom.
* * * LOW HITPOINT WARNING * * *
You are more poisoned.
The kobold hits you but does no damage.
You take 6 damage, and have 4/68 hp.
You closely miss the kobold brigand.
You die...

~~.........~~P~..)..∩)#.∩.#
~~P........~P†~~.#....#...#
~############~~########'###
~ ~~~~~~~~~~~~~~~~~~~~~≈# ≈
≈~≈≈≈≈≈~≈≈≈≈≈~≈≈≈≈≈~≈≈# ~
~~~~~~~~~~~~~~~~~~~~≈#
#######~~~#################
P...P~~~~~P~P...K#!÷..#
~..P~~..~~~~....hK.P∩.#
..........P.....)K....#
..P..............#!!..#
............P.P..######
................##
.....##....P....#
#...####..####### #####
####


You could see 2 kobold brigands and a kobold.

Vanquished Creatures
  Grinder (D:3)
  3 kobold brigands (Sewer)
  A scorpion (D:4)
  A jelly (D:4)
  3 gnolls (D:3)
  5 adders
  3 ribbon worms
  3 dart slugs
  9 ball pythons
  10 endoplasms
  3 giant cockroaches
  7 goblins
  8 hobgoblins
  2 jackals (D:1)
  3 quokkas
  10 bats
  A frilled lizard (D:2)
  5 kobolds
  10 rats
88 creatures vanquished.

Notes
Turn   | Place    | Note
-------+----------+-------------------------------------------
     0 | D:1      | IndexError the Troll Fighter began the quest for the Orb.
     0 | D:1      | Reached XP level 1. HP: 22/22 MP: 0/0
    45 | D:1      | Reached XP level 2. HP: 29/29 MP: 1/1
   115 | D:1      | Found a faded altar of an unknown god.
   422 | D:1      | Reached XP level 3. HP: 36/36 MP: 2/2
   497 | D:1      | Found Peenudias's General Store.
   502 | D:1      | Reached skill level 3 in Shields
  1035 | D:2      | Reached skill level 3 in Unarmed Combat
  1261 | D:2      | Reached XP level 4. HP: 44/44 MP: 3/3
  1716 | D:3      | Reached skill level 3 in Fighting
  1720 | D:3      | Reached skill level 3 in Dodging
  1820 | D:3      | Reached XP level 5. HP: 53/53 MP: 4/4
  2200 | D:3      | Found a radiant altar of Vehumet.
  2200 | D:3      | Found a shimmering blue altar of Sif Muna.
  2202 | D:3      | Found a basalt altar of Yredelemnul.
  2203 | D:3      | Found a glowing silver altar of Zin.
  2464 | D:4      | Noticed Grinder
  2491 | D:3      | Killed Grinder
  2492 | D:3      | Reached skill level 4 in Unarmed Combat
  2492 | D:3      | Reached XP level 6. HP: 51/61 MP: 5/5
  2699 | D:4      | Found a glowing drain.
  2709 | Sewer    | Entered a sewer
  2733 | Sewer    | Reached skill level 4 in Shields
  2740 | Sewer    | Reached skill level 5 in Unarmed Combat
  2740 | Sewer    | Reached XP level 7. HP: 67/68 MP: 6/6
  2883 | Sewer    | HP: 16/68 [poisoned by a kobold brigand]
  2884 | Sewer    | HP: 7/68 [poisoned by a kobold brigand]
  2885 | Sewer    | Succumbed to a kobold brigand's poison

Illustrated notes

Levels and vault maps discovered:
D:1:      spicycebolla_green_bress_n_ham, layout_basic, serial_curves,
          eino_curves_01, eino_curves_04, eino_curves_02, serial_shops,
          nicolae_shop_tiny_glass, shapermc_ecumenical_altar_totnotflames
D:2:      layout_loops_ring
D:3:      layout_loops_ring, mainiacjoe_overflow_alcove_3
D:4:      layout_basic, cheibrodos_sewer_entry_bend, uniq_grinder
Sewer:    kennysheep_pipe_town

Skill      XL: |  1  2  3  4  5  6 |
---------------+-------------------+-----
Shields        | 3 4 |  4.2
Unarmed Combat | 3 4 5 |  5.3
Fighting       | 3 |  3.8
Dodging        | 3 |  3.8

Action                     |  1- 3 |  4- 6 |  7- 9 || total
---------------------------+-------+-------+-------++-------
  Melee: Unarmed           |   104 |   117 |    27 ||   248
   Stab: Sleeping          |       |     3 |       ||     3
 Armour: Robe              |    47 |    71 |    29 ||   147
  Dodge: Dodged            |    32 |    36 |     9 ||    77
  Block: Kite shield       |    37 |    49 |    19 ||   105
   Form: Beast             |     1 |       |       ||     1

Table legend: (Time is in decaauts)
 A = Elapsed time spent in this place.
 B = Non-inter-level travel time spent in this place.
 C = Inter-level travel time spent in this place.
 D = Time resting spent in this place.
 E = Time spent auto-exploring this place.
 F = Levels seen in this place.
 G = Mean time per level.
                   A        B        C        D        E       F      G
               +--------+--------+--------+--------+--------+-----+--------+
         Total |   2905 |   2633 |    272 |      0 |   1940 |   5 |  581.0 |
       Dungeon |   2726 |   2454 |    272 |      0 |   1836 |   4 |  681.5 |
         Sewer |    179 |    179 |      0 |      0 |    104 |   1 |  179.0 |
               +--------+--------+--------+--------+--------+-----+--------+

Top non-repeatable levels by time:
     D:1: 896 daAuts
     D:3: 878 daAuts
     D:2: 770 daAuts
     D:4: 181 daAuts
   Sewer: 179 daAuts

Levels and vault maps discovered:
D:1:      spicycebolla_green_bress_n_ham, layout_basic, serial_curves,
          eino_curves_01, eino_curves_04, eino_curves_02, serial_shops,
          nicolae_shop_tiny_glass, shapermc_ecumenical_altar_totnotflames
D:2:      layout_loops_ring
D:3:      layout_loops_ring, mainiacjoe_overflow_alcove_3
D:4:      layout_basic, cheibrodos_sewer_entry_bend, uniq_grinder
Sewer:    kennysheep_pipe_town

Table legend: (Time is in decaauts)
 A = Elapsed time spent in this place.
 B = Non-inter-level travel time spent in this place.
 C = Inter-level travel time spent in this place.
 D = Time resting spent in this place.
 E = Time spent auto-exploring this place.
 F = Levels seen in this place.
 G = Mean time per level.
                   A        B        C        D        E       F      G
               +--------+--------+--------+--------+--------+-----+--------+
         Total |   2905 |   2633 |    272 |      0 |   1940 |   5 |  581.0 |
       Dungeon |   2726 |   2454 |    272 |      0 |   1836 |   4 |  681.5 |
         Sewer |    179 |    179 |      0 |      0 |    104 |   1 |  179.0 |
               +--------+--------+--------+--------+--------+-----+--------+

Top non-repeatable levels by time:
     D:1: 896 daAuts
     D:3: 878 daAuts
     D:2: 770 daAuts
     D:4: 181 daAuts
   Sewer: 179 daAuts

Table legend:
 A = Kills in this place as a percentage of kills in the entire game.
 B = Kills by you in this place as a percentage of kills by you in the entire game.
 C = Kills by friends in this place as a percentage of kills by friends in the entire game.
 D = Other kills in this place as a percentage of other kills in the entire game.
 E = Experience gained in this place as a percentage of experience gained in the entire game.
 F = Experience gained in this place divided by the number of levels of this place that you have seen.
                   A       B       C       D       E      F
               +-------+-------+-------+-------+-------+----------------------
         Total | 100.0 | 100.0 |   N/A |   N/A | 100.0 | 184.6
       Dungeon |  85.2 |  85.2 |   N/A |   N/A |  66.2 | 152.8
         Sewer |  14.8 |  14.8 |   N/A |   N/A |  33.8 | 312.0
               +-------+-------+-------+-------+-------+----------------------
